Login

Mongoloids vs Shitbirds

Created - March 10, 2024 at 12:17

Goals
1 2 3 T
Mongoloids 1 0 0 1
Shitbirds 3 1 1 5
Shots
1 2 3 T
Mongoloids 10 3 7 20
Shitbirds 8 16 13 37

GoalsPenalties
1st period
1. Shitbirds , Vladislav Gavrikov 6 (Jason Robertson 15, Charlie McAvoy 22) at 0:46 (PP)
2. Shitbirds , Ryan McLeod 3 (Charlie McAvoy 23, Vladislav Gavrikov 19) at 5:22
3. Shitbirds , Oliver Bjorkstrand 6 (Logan Couture 14, Vladislav Gavrikov 20) at 11:40
4. Mongoloids , Ondrej Palat 2 (Evgeni Malkin 22, Rasmus Andersson 12) at 18:58
Michael Matheson (ULA) for Delaying the game (Minor) at 0:28
Kaiden Guhle (BEL) for Roughing (Minor) at 8:36
2nd period
5. Shitbirds , Kirill Kaprizov 19 (Buck Phucksalot 28, Dylan Larkin 27) at 5:04
Drake Batherson (ULA) for Interference (Minor) at 9:36
Michael Matheson (ULA) for Hooking (Minor) at 17:59
3rd period
6. Shitbirds , Matthew Boldy 11 (Jason Robertson 16, Victor Hedman 21) at 18:08
Cole Perfetti (BEL) for Goalie Interference (Minor) at 9:38
Goalie Stats
Jaroslav Halak (ULA), 21 saves from 22 shots - (0.955), 34:56 minutes
Thatcher Demko (ULA), 11 saves from 15 shots - (0.733), L, 8-18-7, 25:04 minutes
Igor Shesterkin (BEL), 19 saves from 20 shots - (0.950), W, 26-17-4, 60:00 minutes
3 StarsOfficial
1 - Vladislav Gavrikov (BEL)
2 - Charlie McAvoy (BEL)
3 - Kirill Kaprizov (BEL)
Referees : Unknown
Linesman : Unknown
Game Note
Jaroslav Halak enters game at 5:04 of 2nd period
Finance
Level 1 -- Attendance: 4888 (81.47%) -- Ticket Income $488,800
Level 2 -- Attendance: 3780 (75.60%) -- Ticket Income $226,800
Level 3 -- Attendance: 1432 (71.60%) -- Ticket Income $50,120
Level 4 -- Attendance: 2817 (70.43%) -- Ticket Income $70,425
Luxury Box -- Attendance: 973 (97.30%) -- Ticket Income $194,600
Game was played at the The Kat Club.
Total Attendance: 13890 (77.17%)
Total Ticket Income: $1,030,745
Other Income: $412,298
Total Income: $1,443,043



Team Name Goals Shots Shots Attemp Shots Blocked PIM HIT PP PK FO%
Mongoloids 1203586160 / 2 (0%)158%
Shitbirds 5376634201 / 3 (33%)042%

Mongoloids
Player Name POS G A P +/- PIM HIT SHT SB MP PP MP PP SHT PK MP PK SHT FO% FOT
Andreas EnglundD0000020118:391:5601:1200% 0
Austin WatsonLW/RW000-1011118:422:0200:2100% 0
Cal ClutterbuckRW000000000:410:0000:0000% 0
David PerronLW/RW000-1014020:022:0211:41050% 2
Dillon DubeC/RW000-1011016:370:0001:23020% 15
Drake BathersonLW/RW000-1214017:111:5600:5100% 0
Evgeni MalkinC011-1000120:140:0000:00050% 6
John TavaresC/LW000-1012022:541:5602:35081% 27
Jonathan MarchessaultLW/RW000-1001018:021:5601:41033% 3
Markus NiemelainenD000-2010215:140:0000:0000% 0
Mason MarchmentLW/RW000000005:480:0000:0000% 0
Mason McTavishC/LW000-1003018:282:0200:00059% 22
Mattias EkholmD000-1022019:352:0223:0400% 0
Michael MathesonD000-1420124:082:0201:4400% 0
Ondrej PalatLW101-1011016:310:0000:000100% 1
Rasmus AnderssonD0110010119:121:5601:1200% 0
Ryan LindgrenD000-2000115:140:0000:0000% 0
Tyrian LannisterD000002108:290:0001:2000% 0
Shitbirds
Player Name POS G A P +/- PIM HIT SHT SB MP PP MP PP SHT PK MP PK SHT FO% FOT
Buck PhucksalotD0112001023:401:5002:1300% 0
Charlie McAvoyD0223010123:272:2601:4500% 0
Cole PerfettiC/LW000122008:150:0000:00013% 8
Dylan LarkinC0111014119:122:2321:30047% 17
Filip ZadinaLW/RW000100108:160:0000:0000% 1
Hampus LindholmD000-1021016:480:0000:0000% 0
Jason RobertsonLW0220001019:121:5302:2800% 3
Kaiden GuhleD000-1261017:320:0000:0000% 0
Kirill KaprizovLW/RW1011044020:102:2302:28138% 8
Logan CoutureC0111012013:200:0000:00053% 15
Matthew BoldyLW/RW1010003016:441:5310:0000% 1
Oliver BjorkstrandLW/RW1011012013:200:0000:0000% 0
Roope HintzC/LW0000017018:141:5301:30055% 20
Ryan McLeodLW/RW101100208:160:0000:0000% 0
Seth JarvisC/RW0001001013:200:0000:0000% 0
Troy TerryC/RW0001001017:422:2300:00033% 3
Victor HedmanD0111001018:401:5002:1300% 0
Vladislav GavrikovD1232015119:522:2641:4500% 0

Mongoloids

5 vs 5 Forward
Line #Left WingCenterRight WingPHYDFOFWanted %Time %Time Play
1Drake BathersonJohn TavaresJonathan Marchessault1223028%14:25
2David PerronMason McTavishAustin Watson1222832%16:19
3Ondrej PalatDillon DubeEvgeni Malkin1222629%15:14
4Mason MarchmentEvgeni MalkinJohn Tavares1221611%5:48
5 vs 5 Defense
Line #DefenseDefensePHYDFOFWanted %Time %Time Play
1Michael MathesonMattias Ekholm1223028%14:29
2Rasmus AnderssonAndreas Englund1222830%15:31
3Ryan LindgrenMarkus Niemelainen1222629%15:14
4Tyrian LannisterMichael Matheson1221613%6:32
Power Play Forward
Line #Left WingCenterRight WingPHYDFOFWanted %Time %Time Play
1Drake BathersonJohn TavaresJonathan Marchessault1225549%1:56
2David PerronMason McTavishAustin Watson1224551%2:02
Power Play Defense
Line #DefenseDefensePHYDFOFWanted %Time %Time Play
1Michael MathesonMattias Ekholm1225551%2:02
2Rasmus AnderssonAndreas Englund1224549%1:56
Penalty Kill 4 Players Forward
Line #CenterWingPHYDFOFWanted %Time %Time Play
1John TavaresDrake Batherson1225561%2:35
2Jonathan MarchessaultDavid Perron1224539%1:41
Penalty Kill 4 Players Defense
Line #DefenseDefensePHYDFOFWanted %Time %Time Play
1Michael MathesonMattias Ekholm1225572%3:04
2Rasmus AnderssonAndreas Englund1224528%1:12
Penalty Kill 3 Players
Line #WingPHYDFOFWanted %Time %Time PlayDefenseDefensePHYDFOFWanted %Time %Time Play
1John Tavares122550%0:00 Michael MathesonMattias Ekholm122550%0:00
2Drake Batherson122450%0:00 Rasmus AnderssonAndreas Englund122450%0:00
4 vs 4 Forward
Line #CenterWingPHYDFOFWanted %Time %Time Play
1John TavaresDrake Batherson122550%0:00
2Jonathan MarchessaultDavid Perron122450%0:00
4 vs 4 Defense
Line #DefensePHYDFOFWanted %Time %Time Play
1Michael MathesonMattias Ekholm122550%0:00
2Rasmus AnderssonAndreas Englund122450%0:00
Last Minutes Offensive
Left WingCenterRight WingDefenseDefense
Drake BathersonJohn TavaresJonathan MarchessaultMichael MathesonMattias Ekholm
Last Minutes Defensive
Left WingCenterRight WingDefenseDefense
Drake BathersonJohn TavaresJonathan MarchessaultMichael MathesonMattias Ekholm
Time
Total ForwardTotal DefenseLast Minutes OffensiveLast Minutes Defensive
60:00 60:00 0:000:00
Extra Forwards
Normal PowerPlayPenalty Kill
John Tavares, Ondrej Palat, Dillon DubeJohn Tavares, Ondrej PalatDillon Dube
Extra Defensemen
Normal PowerPlayPenalty Kill
Ryan Lindgren, Markus Niemelainen, Michael MathesonRyan Lindgren, Markus NiemelainenMichael Matheson
Penalty Shots
John Tavares, Drake Batherson, Jonathan Marchessault, David Perron, Austin Watson
Goalie
Thatcher Demko, Jaroslav Halak
Custom OT Lines Forwards
John Tavares, Drake Batherson, Jonathan Marchessault, David Perron, Austin Watson, Mason McTavish, Evgeni Malkin, Ondrej Palat, Dillon Dube, Mason Marchment
Custom OT Lines Defensemen
Michael Matheson, Mattias Ekholm, Rasmus Andersson, Andreas Englund, Ryan Lindgren
Scratches
Adam Boqvist (Healthy), Yegor Sharangovich (Healthy)

Shitbirds

5 vs 5 Forward
Line #Left WingCenterRight WingPHYDFOFWanted %Time %Time Play
1Kirill KaprizovDylan LarkinTroy Terry1223030%15:19
2Jason RobertsonRoope HintzMatthew Boldy1222829%14:51
3Oliver BjorkstrandLogan CoutureSeth Jarvis1222626%13:20
4Ryan McLeodCole PerfettiFilip Zadina1221616%8:16
5 vs 5 Defense
Line #DefenseDefensePHYDFOFWanted %Time %Time Play
1Buck PhucksalotVictor Hedman1223028%14:37
2Vladislav GavrikovCharlie McAvoy1222830%15:41
3Hampus LindholmKaiden Guhle1222632%16:28
4Buck PhucksalotCharlie McAvoy1221610%5:00
Power Play Forward
Line #Left WingCenterRight WingPHYDFOFWanted %Time %Time Play
1Kirill KaprizovDylan LarkinTroy Terry1225556%2:23
2Jason RobertsonRoope HintzMatthew Boldy1224544%1:53
Power Play Defense
Line #DefenseDefensePHYDFOFWanted %Time %Time Play
1Buck PhucksalotVictor Hedman1225543%1:50
2Vladislav GavrikovCharlie McAvoy1224557%2:26
Penalty Kill 4 Players Forward
Line #CenterWingPHYDFOFWanted %Time %Time Play
1Kirill KaprizovJason Robertson1225562%2:28
2Dylan LarkinRoope Hintz1224538%1:30
Penalty Kill 4 Players Defense
Line #DefenseDefensePHYDFOFWanted %Time %Time Play
1Buck PhucksalotVictor Hedman1225556%2:13
2Vladislav GavrikovCharlie McAvoy1224544%1:45
Penalty Kill 3 Players
Line #WingPHYDFOFWanted %Time %Time PlayDefenseDefensePHYDFOFWanted %Time %Time Play
1Kirill Kaprizov122550%0:00 Buck PhucksalotVictor Hedman122550%0:00
2Jason Robertson122450%0:00 Vladislav GavrikovCharlie McAvoy122450%0:00
4 vs 4 Forward
Line #CenterWingPHYDFOFWanted %Time %Time Play
1Kirill KaprizovJason Robertson122550%0:00
2Dylan LarkinRoope Hintz122450%0:00
4 vs 4 Defense
Line #DefensePHYDFOFWanted %Time %Time Play
1Buck PhucksalotVictor Hedman122550%0:00
2Vladislav GavrikovCharlie McAvoy122450%0:00
Last Minutes Offensive
Left WingCenterRight WingDefenseDefense
Kirill KaprizovDylan LarkinTroy TerryBuck PhucksalotVictor Hedman
Last Minutes Defensive
Left WingCenterRight WingDefenseDefense
Kirill KaprizovCharlie McAvoyTroy TerryBuck PhucksalotVictor Hedman
Time
Total ForwardTotal DefenseLast Minutes OffensiveLast Minutes Defensive
60:00 60:00 0:000:00
Extra Forwards
Normal PowerPlayPenalty Kill
Logan Couture, Oliver Bjorkstrand, Cole PerfettiLogan Couture, Oliver BjorkstrandCole Perfetti
Extra Defensemen
Normal PowerPlayPenalty Kill
Hampus Lindholm, Charlie McAvoy, Vladislav GavrikovHampus Lindholm, Charlie McAvoyVladislav Gavrikov
Penalty Shots
Kirill Kaprizov, Jason Robertson, Dylan Larkin, Roope Hintz, Troy Terry
Goalie
Igor Shesterkin, Karel Vejmelka
Custom OT Lines Forwards
Kirill Kaprizov, Jason Robertson, Dylan Larkin, Roope Hintz, Troy Terry, Matthew Boldy, Logan Couture, Oliver Bjorkstrand, Cole Perfetti, Seth Jarvis
Custom OT Lines Defensemen
Buck Phucksalot, Victor Hedman, Vladislav Gavrikov, Kaiden Guhle, Hampus Lindholm
Scratches
Anthony Stolarz (Healthy)


Play-by-Play

1st period


0:01 of 1st period - John Tavares wins face-off versus Dylan Larkin in neutral zone.
0:28 of 1st period - Minor Penalty to Michael Matheson for Delaying the game.
0:29 of 1st period - John Tavares wins face-off versus Roope Hintz in Mongoloids zone.
0:44 of 1st period - Shot by Vladislav Gavrikov.
0:44 of 1st period - Stopped by Thatcher Demko with a rebound.
0:46 of 1st period - Shot by Vladislav Gavrikov.
0:46 of 1st period - Goal by Vladislav Gavrikov - Mongoloids : 0 - Shitbirds : 1.
0:47 of 1st period - Logan Couture wins face-off versus Dillon Dube in neutral zone.
1:12 of 1st period - Shot by Seth Jarvis.
1:12 of 1st period - Stopped by Thatcher Demko without a rebound.
1:13 of 1st period - Roope Hintz wins face-off versus Mason McTavish in Mongoloids zone.
1:44 of 1st period - Shot by Matthew Boldy.
1:44 of 1st period - Stopped by Thatcher Demko without a rebound.
1:45 of 1st period - Evgeni Malkin wins face-off versus Cole Perfetti in Mongoloids zone.
1:45 of 1st period - Tyrian Lannister is hit by Cole Perfetti.
2:03 of 1st period - Shot by Tyrian Lannister.
2:03 of 1st period - Stopped by Igor Shesterkin with a rebound.
2:43 of 1st period - Icing by Ryan Lindgren.
2:44 of 1st period - Dylan Larkin wins face-off versus Mason McTavish in Mongoloids zone.
2:48 of 1st period - Icing by Ryan Lindgren.
2:49 of 1st period - Mason McTavish wins face-off versus Logan Couture in Mongoloids zone.
3:04 of 1st period - Hampus Lindholm is hit by Markus Niemelainen.
3:46 of 1st period - Icing by Ondrej Palat.
3:47 of 1st period - Dylan Larkin wins face-off versus Dillon Dube in Mongoloids zone.
4:02 of 1st period - Shot by Dylan Larkin.
4:02 of 1st period - Shot Misses the Net.
4:52 of 1st period - Icing by Vladislav Gavrikov.
4:53 of 1st period - John Tavares wins face-off versus Jason Robertson in Shitbirds zone.
4:54 of 1st period - Shot by Drake Batherson.
4:54 of 1st period - Stopped by Igor Shesterkin without a rebound.
4:55 of 1st period - John Tavares wins face-off versus Cole Perfetti in Shitbirds zone.
4:58 of 1st period - Shot by Drake Batherson.
4:58 of 1st period - Shot Misses the Net.
5:18 of 1st period - Shot by Ryan McLeod.
5:18 of 1st period - Shot Misses the Net.
5:20 of 1st period - Shot by Ryan McLeod.
5:20 of 1st period - Shot Misses the Net.
5:22 of 1st period - Shot by Ryan McLeod.
5:22 of 1st period - Goal by Ryan McLeod - Mongoloids : 0 - Shitbirds : 2.
5:23 of 1st period - Roope Hintz wins face-off versus Mason McTavish in neutral zone.
5:42 of 1st period - Shot by David Perron.
5:42 of 1st period - Stopped by Igor Shesterkin without a rebound.
5:43 of 1st period - John Tavares wins face-off versus Troy Terry in Shitbirds zone.
5:50 of 1st period - Shot by Drake Batherson.
5:50 of 1st period - Stopped by Igor Shesterkin without a rebound.
5:51 of 1st period - Roope Hintz wins face-off versus John Tavares in Shitbirds zone.
5:58 of 1st period - Buck Phucksalot is hit by Drake Batherson and loses puck.
6:02 of 1st period - Icing by Roope Hintz.
6:03 of 1st period - Mason McTavish wins face-off versus Roope Hintz in Shitbirds zone.
6:57 of 1st period - Shot by John Tavares.
6:57 of 1st period - Stopped by Igor Shesterkin without a rebound.
6:58 of 1st period - Dylan Larkin wins face-off versus Dillon Dube in Shitbirds zone.
7:11 of 1st period - Shot by Troy Terry.
7:11 of 1st period - Stopped by Thatcher Demko with a rebound.
7:13 of 1st period - Shot by Dylan Larkin.
7:13 of 1st period - Shot Misses the Net.
7:37 of 1st period - Ondrej Palat is hit by Kirill Kaprizov.
8:00 of 1st period - Icing by Kaiden Guhle.
8:01 of 1st period - John Tavares wins face-off versus Logan Couture in Shitbirds zone.
8:35 of 1st period - Jonathan Marchessault is hit by Kaiden Guhle and loses puck.
8:36 of 1st period - Minor Penalty to Kaiden Guhle for Roughing.
8:37 of 1st period - Mason McTavish wins face-off versus Kirill Kaprizov in Shitbirds zone.
8:38 of 1st period - Shot by Mattias Ekholm.
8:38 of 1st period - Stopped by Igor Shesterkin without a rebound.
8:39 of 1st period - Mason McTavish wins face-off versus Kirill Kaprizov in Shitbirds zone.
8:58 of 1st period - Shot by David Perron.
8:58 of 1st period - Stopped by Igor Shesterkin without a rebound.
8:59 of 1st period - John Tavares wins face-off versus Kirill Kaprizov in Shitbirds zone.
9:15 of 1st period - Jonathan Marchessault is hit by Vladislav Gavrikov and loses puck.
10:21 of 1st period - Shot by Mattias Ekholm.
10:21 of 1st period - Stopped by Igor Shesterkin without a rebound.
10:22 of 1st period - Kirill Kaprizov wins face-off versus John Tavares in Shitbirds zone.
11:38 of 1st period - Shot by Logan Couture.
11:38 of 1st period - Shot Misses the Net.
11:40 of 1st period - Shot by Oliver Bjorkstrand.
11:40 of 1st period - Goal by Oliver Bjorkstrand - Mongoloids : 0 - Shitbirds : 3.
11:41 of 1st period - John Tavares wins face-off versus Kirill Kaprizov in neutral zone.
11:50 of 1st period - Shot by Drake Batherson.
11:50 of 1st period - Shot Misses the Net.
12:08 of 1st period - Icing by Victor Hedman.
12:09 of 1st period - Mason McTavish wins face-off versus Dylan Larkin in Shitbirds zone.
12:19 of 1st period - Victor Hedman is hit by Rasmus Andersson and loses puck.
12:33 of 1st period - Icing by Rasmus Andersson.
12:34 of 1st period - Roope Hintz wins face-off versus Mason McTavish in Mongoloids zone.
12:35 of 1st period - Shot by Jason Robertson.
12:35 of 1st period - Shot Blocked by Austin Watson.
12:54 of 1st period - Icing by Charlie McAvoy.
12:55 of 1st period - John Tavares wins face-off versus Jason Robertson in Shitbirds zone.
13:07 of 1st period - Jonathan Marchessault is hit by Charlie McAvoy and loses puck.
13:16 of 1st period - Shot by John Tavares.
13:16 of 1st period - Deflect By Jonathan Marchessault.
13:16 of 1st period - Shot Blocked by Vladislav Gavrikov.
13:23 of 1st period - Roope Hintz is hit by Michael Matheson and loses puck.
13:31 of 1st period - Icing by Michael Matheson.
13:32 of 1st period - John Tavares wins face-off versus Logan Couture in Mongoloids zone.
14:35 of 1st period - Shot by Buck Phucksalot.
14:35 of 1st period - Shot Blocked by Rasmus Andersson.
15:04 of 1st period - Buck Phucksalot is hit by David Perron and loses puck.
15:23 of 1st period - Shot by David Perron.
15:23 of 1st period - Stopped by Igor Shesterkin with a rebound.
15:50 of 1st period - Shot by Roope Hintz.
15:50 of 1st period - Stopped by Thatcher Demko without a rebound.
15:51 of 1st period - Logan Couture wins face-off versus Jonathan Marchessault in Mongoloids zone.
16:46 of 1st period - Icing by Mattias Ekholm.
16:47 of 1st period - John Tavares wins face-off versus Dylan Larkin in Mongoloids zone.
17:43 of 1st period - Icing by Michael Matheson.
17:44 of 1st period - Jonathan Marchessault wins face-off versus Cole Perfetti in Mongoloids zone.
17:46 of 1st period - Icing by John Tavares.
17:47 of 1st period - John Tavares wins face-off versus Roope Hintz in Mongoloids zone.
18:19 of 1st period - Icing by Hampus Lindholm.
18:20 of 1st period - Dillon Dube wins face-off versus Roope Hintz in Shitbirds zone.
18:30 of 1st period - Icing by Kaiden Guhle.
18:31 of 1st period - Roope Hintz wins face-off versus Dillon Dube in Shitbirds zone.
18:58 of 1st period - Shot by Ondrej Palat.
18:58 of 1st period - Goal by Ondrej Palat - Mongoloids : 1 - Shitbirds : 3.
18:59 of 1st period - Mason McTavish wins face-off versus Cole Perfetti in neutral zone.
19:29 of 1st period - Shot by Mason McTavish.
19:29 of 1st period - Shot Misses the Net.
19:31 of 1st period - Shot by Austin Watson.
19:31 of 1st period - Shot Blocked by Charlie McAvoy.
19:44 of 1st period - Charlie McAvoy is hit by Tyrian Lannister and loses puck.
Goals for this period are 1 for Mongoloids vs 3 for Shitbirds.
Shots for this period are 10 for Mongoloids vs 8 for Shitbirds.

2nd period


0:01 of 2nd period - Dylan Larkin wins face-off versus Evgeni Malkin in neutral zone.
0:08 of 2nd period - Shot by Kirill Kaprizov.
0:08 of 2nd period - Stopped by Thatcher Demko with a rebound.
0:30 of 2nd period - Shot by Evgeni Malkin.
0:30 of 2nd period - Shot Misses the Net.
1:35 of 2nd period - Shot by David Perron.
1:35 of 2nd period - Stopped by Igor Shesterkin without a rebound.
1:36 of 2nd period - Evgeni Malkin wins face-off versus Roope Hintz in Shitbirds zone.
1:49 of 2nd period - Shot by Evgeni Malkin.
1:49 of 2nd period - Shot Misses the Net.
1:57 of 2nd period - Shot by Roope Hintz.
1:57 of 2nd period - Shot Blocked by Markus Niemelainen.
2:08 of 2nd period - Off-side.
2:09 of 2nd period - John Tavares wins face-off versus Dylan Larkin in neutral zone.
2:31 of 2nd period - Dylan Larkin is hit by Michael Matheson and loses puck.
3:00 of 2nd period - Off-side.
3:01 of 2nd period - Logan Couture wins face-off versus Mason McTavish in neutral zone.
3:28 of 2nd period - Shot by Logan Couture.
3:28 of 2nd period - Stopped by Thatcher Demko with a rebound.
3:30 of 2nd period - Shot by Victor Hedman.
3:30 of 2nd period - Stopped by Thatcher Demko with a rebound.
3:34 of 2nd period - Shot by Oliver Bjorkstrand.
3:34 of 2nd period - Stopped by Thatcher Demko without a rebound.
3:35 of 2nd period - Roope Hintz wins face-off versus Dillon Dube in Mongoloids zone.
3:40 of 2nd period - Shot by Jason Robertson.
3:40 of 2nd period - Shot Misses the Net.
3:42 of 2nd period - Shot by Hampus Lindholm.
3:42 of 2nd period - Shot Misses the Net.
4:25 of 2nd period - Icing by Markus Niemelainen.
4:26 of 2nd period - Troy Terry wins face-off versus Dillon Dube in Mongoloids zone.
4:42 of 2nd period - Shot by Dylan Larkin.
4:42 of 2nd period - Stopped by Thatcher Demko with a rebound.
5:02 of 2nd period - Shot by Dylan Larkin.
5:02 of 2nd period - Stopped by Thatcher Demko with a rebound.
5:04 of 2nd period - Shot by Buck Phucksalot.
5:04 of 2nd period - Deflect By Kirill Kaprizov.
5:04 of 2nd period - Goal by Kirill Kaprizov - Mongoloids : 1 - Shitbirds : 4.
5:04 of 2nd period - Jaroslav Halak enters game.
5:05 of 2nd period - John Tavares wins face-off versus Logan Couture in neutral zone.
5:23 of 2nd period - Icing by Hampus Lindholm.
5:24 of 2nd period - Logan Couture wins face-off versus David Perron in Shitbirds zone.
6:07 of 2nd period - Shot by Cole Perfetti.
6:07 of 2nd period - Deflect By Filip Zadina.
6:07 of 2nd period - Shot Blocked by Andreas Englund.
6:35 of 2nd period - Shot by Drake Batherson.
6:35 of 2nd period - Stopped by Igor Shesterkin without a rebound.
6:36 of 2nd period - Roope Hintz wins face-off versus Evgeni Malkin in Shitbirds zone.
7:43 of 2nd period - Ryan Lindgren is hit by Kaiden Guhle and loses puck.
8:22 of 2nd period - Icing by Buck Phucksalot.
8:23 of 2nd period - Ondrej Palat wins face-off versus Logan Couture in Shitbirds zone.
8:34 of 2nd period - Shot by Drake Batherson.
8:34 of 2nd period - Shot Misses the Net.
9:16 of 2nd period - Jason Robertson is hit by Andreas Englund and loses puck.
9:27 of 2nd period - Shot by Roope Hintz.
9:27 of 2nd period - Stopped by Jaroslav Halak with a rebound.
9:36 of 2nd period - Minor Penalty to Drake Batherson for Interference.
9:37 of 2nd period - Dillon Dube wins face-off versus Dylan Larkin in Mongoloids zone.
9:56 of 2nd period - Shot by Charlie McAvoy.
9:56 of 2nd period - Deflect By Kirill Kaprizov.
9:56 of 2nd period - Shot Misses the Net.
9:58 of 2nd period - Shot by Vladislav Gavrikov.
9:58 of 2nd period - Shot Misses the Net.
10:00 of 2nd period - Shot by Charlie McAvoy.
10:00 of 2nd period - Shot Misses the Net.
10:02 of 2nd period - Shot by Charlie McAvoy.
10:02 of 2nd period - Shot Misses the Net.
10:04 of 2nd period - Shot by Vladislav Gavrikov.
10:04 of 2nd period - Stopped by Jaroslav Halak with a rebound.
10:06 of 2nd period - Shot by Vladislav Gavrikov.
10:06 of 2nd period - Stopped by Jaroslav Halak without a rebound.
10:07 of 2nd period - John Tavares wins face-off versus Roope Hintz in Mongoloids zone.
10:30 of 2nd period - Icing by Roope Hintz.
10:31 of 2nd period - John Tavares wins face-off versus Roope Hintz in Shitbirds zone.
10:42 of 2nd period - Shot by Buck Phucksalot.
10:42 of 2nd period - Shot Misses the Net.
10:44 of 2nd period - Shot by Matthew Boldy.
10:44 of 2nd period - Stopped by Jaroslav Halak without a rebound.
10:45 of 2nd period - Dylan Larkin wins face-off versus Jonathan Marchessault in Mongoloids zone.
11:01 of 2nd period - Shot by Troy Terry.
11:01 of 2nd period - Shot Misses the Net.
11:50 of 2nd period - Shot by Filip Zadina.
11:50 of 2nd period - Shot Misses the Net.
12:08 of 2nd period - Shot by Ryan McLeod.
12:08 of 2nd period - Stopped by Jaroslav Halak without a rebound.
12:09 of 2nd period - Roope Hintz wins face-off versus Dillon Dube in Mongoloids zone.
12:27 of 2nd period - Icing by Andreas Englund.
12:28 of 2nd period - Logan Couture wins face-off versus Dillon Dube in Mongoloids zone.
13:25 of 2nd period - Shot by Mason McTavish.
13:25 of 2nd period - Deflect By David Perron.
13:25 of 2nd period - Shot Misses the Net.
13:43 of 2nd period - Jonathan Marchessault is hit by Oliver Bjorkstrand and loses puck.
13:49 of 2nd period - Mattias Ekholm is hit by Logan Couture and loses puck.
14:15 of 2nd period - Shot by John Tavares.
14:15 of 2nd period - Shot Blocked by Dylan Larkin.
15:33 of 2nd period - Shot by Roope Hintz.
15:33 of 2nd period - Stopped by Jaroslav Halak with a rebound.
15:35 of 2nd period - Shot by Hampus Lindholm.
15:35 of 2nd period - Shot Misses the Net.
15:37 of 2nd period - Shot by Jason Robertson.
15:37 of 2nd period - Shot Blocked by Evgeni Malkin.
15:39 of 2nd period - Shot by Roope Hintz.
15:39 of 2nd period - Shot Misses the Net.
15:41 of 2nd period - Shot by Kaiden Guhle.
15:41 of 2nd period - Shot Misses the Net.
15:43 of 2nd period - Shot by Kaiden Guhle.
15:43 of 2nd period - Stopped by Jaroslav Halak without a rebound.
15:44 of 2nd period - John Tavares wins face-off versus Cole Perfetti in Mongoloids zone.
16:37 of 2nd period - Icing by Ryan Lindgren.
16:38 of 2nd period - Roope Hintz wins face-off versus Dillon Dube in Mongoloids zone.
17:35 of 2nd period - Shot by Austin Watson.
17:35 of 2nd period - Stopped by Igor Shesterkin without a rebound.
17:36 of 2nd period - Mason McTavish wins face-off versus Dylan Larkin in Shitbirds zone.
17:42 of 2nd period - Dylan Larkin is hit by Austin Watson and loses puck.
17:56 of 2nd period - Kirill Kaprizov is hit by Mattias Ekholm.
17:59 of 2nd period - Minor Penalty to Michael Matheson for Hooking.
18:00 of 2nd period - John Tavares wins face-off versus Dylan Larkin in Mongoloids zone.
18:18 of 2nd period - Shot by John Tavares.
18:18 of 2nd period - Shot Misses the Net.
19:14 of 2nd period - Shot by Dylan Larkin.
19:14 of 2nd period - Stopped by Jaroslav Halak with a rebound.
19:16 of 2nd period - Shot by Dylan Larkin.
19:16 of 2nd period - Stopped by Jaroslav Halak with a rebound.
Goals for this period are 0 for Mongoloids vs 1 for Shitbirds.
Shots for this period are 3 for Mongoloids vs 16 for Shitbirds.

3rd period


0:01 of 3rd period - Kirill Kaprizov wins face-off versus Evgeni Malkin in neutral zone.
0:12 of 3rd period - Shot by Kirill Kaprizov.
0:12 of 3rd period - Stopped by Jaroslav Halak without a rebound.
0:13 of 3rd period - Roope Hintz wins face-off versus Mason McTavish in Mongoloids zone.
0:21 of 3rd period - Rasmus Andersson is hit by Kaiden Guhle and loses puck.
0:31 of 3rd period - Mason McTavish is hit by Kaiden Guhle and loses puck.
0:37 of 3rd period - Icing by Hampus Lindholm.
0:38 of 3rd period - Evgeni Malkin wins face-off versus Roope Hintz in Shitbirds zone.
0:38 of 3rd period - Evgeni Malkin is hit by Kaiden Guhle.
1:18 of 3rd period - Michael Matheson is hit by Kirill Kaprizov and loses puck.
1:43 of 3rd period - Shot by Kirill Kaprizov.
1:43 of 3rd period - Shot Blocked by Michael Matheson.
1:49 of 3rd period - Shot by Troy Terry.
1:49 of 3rd period - Shot Misses the Net.
2:40 of 3rd period - Shot by Mason McTavish.
2:40 of 3rd period - Stopped by Igor Shesterkin with a rebound.
3:05 of 3rd period - Icing by Andreas Englund.
3:06 of 3rd period - Cole Perfetti wins face-off versus Mason McTavish in Mongoloids zone.
3:42 of 3rd period - Shot by Ondrej Palat.
3:42 of 3rd period - Shot Misses the Net.
4:00 of 3rd period - Charlie McAvoy is hit by Ondrej Palat and loses puck.
5:00 of 3rd period - Shot by Ondrej Palat.
5:00 of 3rd period - Shot Misses the Net.
5:03 of 3rd period - Icing by Hampus Lindholm.
5:04 of 3rd period - John Tavares wins face-off versus Matthew Boldy in Shitbirds zone.
5:16 of 3rd period - Jason Robertson is hit by Tyrian Lannister and loses puck.
5:24 of 3rd period - Tyrian Lannister is hit by Hampus Lindholm.
5:33 of 3rd period - Hampus Lindholm is hit by John Tavares and loses puck.
5:46 of 3rd period - Mason McTavish is hit by Roope Hintz and loses puck.
6:04 of 3rd period - Shot by Mason McTavish.
6:04 of 3rd period - Stopped by Igor Shesterkin without a rebound.
6:05 of 3rd period - Dillon Dube wins face-off versus Logan Couture in Shitbirds zone.
6:18 of 3rd period - Shot by Dillon Dube.
6:18 of 3rd period - Stopped by Igor Shesterkin without a rebound.
6:19 of 3rd period - Mason McTavish wins face-off versus Dylan Larkin in Shitbirds zone.
6:24 of 3rd period - Shot by David Perron.
6:24 of 3rd period - Shot Misses the Net.
6:47 of 3rd period - Icing by Buck Phucksalot.
6:48 of 3rd period - Dylan Larkin wins face-off versus John Tavares in Shitbirds zone.
6:53 of 3rd period - Rasmus Andersson is hit by Dylan Larkin and loses puck.
7:02 of 3rd period - Shot by Drake Batherson.
7:02 of 3rd period - Stopped by Igor Shesterkin without a rebound.
7:03 of 3rd period - Logan Couture wins face-off versus Dillon Dube in Shitbirds zone.
7:17 of 3rd period - Icing by Vladislav Gavrikov.
7:18 of 3rd period - John Tavares wins face-off versus Logan Couture in Shitbirds zone.
7:27 of 3rd period - Shot by Seth Jarvis.
7:27 of 3rd period - Shot Misses the Net.
7:37 of 3rd period - Shot by John Tavares.
7:37 of 3rd period - Stopped by Igor Shesterkin without a rebound.
7:38 of 3rd period - Dylan Larkin wins face-off versus Dillon Dube in Shitbirds zone.
8:42 of 3rd period - Shot by Drake Batherson.
8:42 of 3rd period - Shot Hit the Post.
8:45 of 3rd period - Icing by Kaiden Guhle.
8:46 of 3rd period - Mason McTavish wins face-off versus Roope Hintz in Shitbirds zone.
8:46 of 3rd period - Mason McTavish is hit by Hampus Lindholm.
8:49 of 3rd period - David Perron is hit by Kaiden Guhle and loses puck.
9:05 of 3rd period - Off-side.
9:06 of 3rd period - Logan Couture wins face-off versus John Tavares in neutral zone.
9:16 of 3rd period - Oliver Bjorkstrand is hit by Andreas Englund and loses puck.
9:35 of 3rd period - Shot by Logan Couture.
9:35 of 3rd period - Stopped by Jaroslav Halak without a rebound.
9:36 of 3rd period - Mason McTavish wins face-off versus Cole Perfetti in Mongoloids zone.
9:38 of 3rd period - Minor Penalty to Cole Perfetti for Goalie Interference.
9:39 of 3rd period - Kirill Kaprizov wins face-off versus Mason McTavish in Shitbirds zone.
9:54 of 3rd period - Shot by Kirill Kaprizov.
9:54 of 3rd period - Stopped by Jaroslav Halak without a rebound.
9:55 of 3rd period - John Tavares wins face-off versus Kirill Kaprizov in Mongoloids zone.
9:55 of 3rd period - John Tavares is hit by Kirill Kaprizov.
11:43 of 3rd period - Ryan McLeod is hit by Dillon Dube and loses puck.
12:27 of 3rd period - Icing by Kaiden Guhle.
12:28 of 3rd period - John Tavares wins face-off versus Filip Zadina in Shitbirds zone.
12:29 of 3rd period - Shot by Jonathan Marchessault.
12:29 of 3rd period - Stopped by Igor Shesterkin without a rebound.
12:30 of 3rd period - Mason McTavish wins face-off versus Dylan Larkin in Shitbirds zone.
13:43 of 3rd period - Shot by Roope Hintz.
13:43 of 3rd period - Stopped by Jaroslav Halak with a rebound.
13:45 of 3rd period - Shot by Roope Hintz.
13:45 of 3rd period - Stopped by Jaroslav Halak with a rebound.
13:49 of 3rd period - Shot by Jason Robertson.
13:49 of 3rd period - Stopped by Jaroslav Halak with a rebound.
13:51 of 3rd period - Shot by Vladislav Gavrikov.
13:51 of 3rd period - Stopped by Jaroslav Halak without a rebound.
13:52 of 3rd period - Logan Couture wins face-off versus Dillon Dube in Mongoloids zone.
14:29 of 3rd period - Shot by Hampus Lindholm.
14:29 of 3rd period - Stopped by Jaroslav Halak with a rebound.
15:09 of 3rd period - Shot by Filip Zadina.
15:09 of 3rd period - Stopped by Jaroslav Halak without a rebound.
15:10 of 3rd period - Roope Hintz wins face-off versus John Tavares in Mongoloids zone.
15:37 of 3rd period - Shot by Roope Hintz.
15:37 of 3rd period - Stopped by Jaroslav Halak with a rebound.
15:39 of 3rd period - Shot by Victor Hedman.
15:39 of 3rd period - Shot Misses the Net.
15:41 of 3rd period - Shot by Jason Robertson.
15:41 of 3rd period - Shot Misses the Net.
15:43 of 3rd period - Shot by Roope Hintz.
15:43 of 3rd period - Stopped by Jaroslav Halak with a rebound.
15:45 of 3rd period - Shot by Buck Phucksalot.
15:45 of 3rd period - Stopped by Jaroslav Halak without a rebound.
15:46 of 3rd period - Mason McTavish wins face-off versus Troy Terry in Mongoloids zone.
15:48 of 3rd period - David Perron is hit by Kirill Kaprizov and loses puck.
18:04 of 3rd period - Shot by Matthew Boldy.
18:04 of 3rd period - Shot Blocked by Markus Niemelainen.
18:06 of 3rd period - Shot by Jason Robertson.
18:06 of 3rd period - Shot Blocked by Ryan Lindgren.
18:08 of 3rd period - Shot by Matthew Boldy.
18:08 of 3rd period - Goal by Matthew Boldy - Mongoloids : 1 - Shitbirds : 5.
18:09 of 3rd period - Dylan Larkin wins face-off versus Mason McTavish in neutral zone.
18:24 of 3rd period - Icing by David Perron.
18:25 of 3rd period - David Perron wins face-off versus Cole Perfetti in Mongoloids zone.
18:27 of 3rd period - Michael Matheson is hit by Cole Perfetti.
18:29 of 3rd period - Shot by Mason McTavish.
18:29 of 3rd period - Stopped by Igor Shesterkin with a rebound.
18:48 of 3rd period - Cole Perfetti is hit by Mattias Ekholm and loses puck.
19:14 of 3rd period - Icing by Mattias Ekholm.
19:15 of 3rd period - Mason McTavish wins face-off versus Jason Robertson in Mongoloids zone.
Goals for this period are 0 for Mongoloids vs 1 for Shitbirds.
Shots for this period are 7 for Mongoloids vs 13 for Shitbirds.